 Dungeon Crawl Stone Soup version 0.30-a0-1043-g60ff8d5f49 (webtiles) character file.

Game seed: 15738485064339404013

2 Elsrick the Insei (level 1, 0/15 HPs)
             Began as a Human Transmuter on Apr 11, 2023.
             Slain by a quokka (2 damage)
             ... on level 1 of the Dungeon.
             The game lasted 00:01:24 (215 turns).

Elsrick the Insei (Human Transmuter)                 Turns: 215, Time: 00:01:25

Health: 0/15       AC:  2    Str: 10    XL:     1   Next: 33%
Magic:  3/3        EV: 12    Int: 13    God:
Gold:   50         SH:  0    Dex: 13    Spells: 3/4 levels left

rFire   . . .      SeeInvis .    d - +0 spear
rCold   . . .      Faith    .    (no shield)
rNeg    . . .      Spirit   .    a - +0 robe
rPois   .          Reflect  .    (no helmet)
rElec   .          Rampage  .    (no cloak)
rCorr   .                        (no gloves)
Will    .....                    (no boots)
Stlth   +                        (no amulet)
HPRegen 0.22/turn                (no ring)
MPRegen 0.08/turn                (no ring)

@: no status effects
A: no striking features
a: no special abilities


You were on level 1 of the Dungeon.
You visited 1 branch of the dungeon, and saw 1 of its levels.

You collected 50 gold pieces.

Inventory:

Hand Weapons
 d - a +0 spear (weapon)
Armour
 a - a +0 robe (worn)
Scrolls
 c - a scroll of identify {unknown}
 e - a scroll of enchant weapon {unknown}
Potions
 b - a potion of lignification


   Skills:
 + Level 1.0 Fighting
 + Level 2.0 Dodging
 + Level 3.1 Unarmed Combat
 + Level 2.0 Spellcasting
 + Level 2.0 Transmutations


You had 3 spell levels left.
You knew the following spells:

 Your Spells              Type           Power      Damage    Failure   Level
a - Beastly Appendage     Tmut           12%        N/A       11%         1

Your spell library contained the following spells:

 Spells                   Type           Power      Damage    Failure   Level
 Wereblood                Tmut           6%         N/A       17%         2
 Spider Form              Tmut/Pois      3%         N/A       45%         3
 Ice Form                 Ice/Tmut       3%         N/A       86%         4


Dungeon Overview and Level Annotations

Branches:
Dungeon (1/15)

Altars:

Shops:
D:1 !


Message History

You see here 17 gold pieces.
You reach to attack!
You hit the frilled lizard.
You kill the frilled lizard!
Found 12 gold pieces and a lumpy cameo amulet.
A frilled lizard comes into view.
You see here 17 gold pieces.
You see here 17 gold pieces.
You now have 50 gold pieces (gained 17).
The quokka barely misses you.
You closely miss the quokka. The quokka closely misses you.
You hit the quokka. You punch the quokka.
The quokka is heavily wounded.
The quokka bites you. x2
You closely miss the quokka.
The quokka is heavily wounded.
The quokka bites you.
You closely miss the quokka.
The quokka is heavily wounded.
The quokka misses you.
You barely miss the quokka.
The quokka is heavily wounded.
The quokka bites you. x2
* * * LOW HITPOINT WARNING * * *
You are too injured to fight recklessly!
You are too injured to fight recklessly!
You are too injured to fight recklessly!
You are too injured to fight recklessly!
You are too injured to fight recklessly!
You are too injured to fight recklessly!
You are too injured to fight recklessly!
You hit the quokka. You punch the quokka, but do no damage.
The quokka is heavily wounded.
The quokka misses you.
You hit the quokka but do no damage.
The quokka is heavily wounded.
The quokka barely misses you.
You closely miss the quokka.
The quokka is heavily wounded.
The quokka bites you.
You die...

...... . #####. ... . #
... .## #..# # #.#
#.####...#.. #.#
#..#...#.#.. #
#.#.###........... #
#.#.....##........ ####
###.####..##......$.
.#.####.........@.........
.................r........
.∩.#......#..##.#.........
...#......##.##.)......##.
.#.)..........#.#..#...?#
....##....##..#.>..#..#...
..........##.......# .....
.......######......# .#...
######..# ..#..... #.".


You could see a quokka.

Vanquished Creatures
  A bat (D:1)
  2 frilled lizards (D:1)
3 creatures vanquished.

Vanquished Creatures (others)
  A plant (D:1)
1 creature vanquished.

Grand Total: 4 creatures vanquished

Notes
Turn   | Place    | Note
-------+----------+-------------------------------------------
     0 | D:1      | Elsrick the Human Transmuter began the quest for the Orb.
     0 | D:1      | Reached XP level 1. HP: 15/15 MP: 3/3
   178 | D:1      | Found Inlathrua's Distillery.
   215 | D:1      | Slain by a quokka

Illustrated notes

Levels and vault maps discovered:
D:1:      evilmike_arrival_plus, layout_rooms, serial_shops, nicolae_shop_stone

Action                     || total
---------------------------++-------
  Melee: Spear             ||    14
         Punch             ||     2
         Unarmed           ||     1
 Armour: Robe              ||     1
  Dodge: Dodged            ||     8

Table legend: (Time is in decaauts)
 A = Elapsed time spent in this place.
 B = Non-inter-level travel time spent in this place.
 C = Inter-level travel time spent in this place.
 D = Time resting spent in this place.
 E = Time spent auto-exploring this place.
 F = Levels seen in this place.
 G = Mean time per level.
                   A        B        C        D        E       F      G
               +--------+--------+--------+--------+--------+-----+--------+
         Total |    215 |    215 |      0 |      0 |    146 |   1 |  215.0 |
       Dungeon |    215 |    215 |      0 |      0 |    146 |   1 |  215.0 |
               +--------+--------+--------+--------+--------+-----+--------+

Top non-repeatable levels by time:
     D:1: 215 daAuts
